Map: Port Aleksander LE

Players

Rob

  • Race: Protoss Protoss
  • League: Grandmaster
  • Spawn Location: 11:00

Jason - Winner!

  • Race: Terran Terran
  • League: Grandmaster
  • Spawn Location: 5:00

VOD

Have the link to the VOD?

Description

Time

  • Played on: May 13, 2019, 1:59 p.m.
  • Length: 21:26
Show
View Real Time Build Order
Export as new Build Order

Rob Protoss 

Build Orders: 1 Gate Expand, Dark Templar Rush 

Get SALT Encoding   

  12  0:00  Probe  
  13  0:12  Probe  
  14  0:18  Pylon  
  14  0:24  Probe  
  15  0:32  Probe  
  15  0:38  Gateway  
  15  0:41  Probe  
  16  0:48  Assimilator  
  17  0:52  Probe  
  18  1:04  Probe  
  19  1:16  Probe  
  20  1:25  Cybernetics Core  
  20  1:35  Nexus  
  20  1:41  Pylon  
  20  1:45  Probe  
  21  1:51  Adept  
  21  1:53  Assimilator  
  21  1:57  Probe  
  22  2:03  Warp Gate  
  24  2:09  Probe  
  24  2:13  Adept  
  25  2:15  Pylon  
  25  2:21  Probe  
  28  2:33  Probe  
  28  2:36  Twilight Council  
  29  2:45  Probe  
  29  2:47  Probe  
  29  2:51  Stalker  
  33  2:57  Probe  
  34  2:59  Probe  
  35  3:10  Probe  
  35  3:11  Probe  
  37  3:14  Stalker  
  37  3:18  Dark Shrine  
  37  3:22  Probe  
  37  3:23  Probe  
  39  3:30  Gateway  
  39  3:34  Probe  
  40  3:35  Probe  
  40  3:41  Gateway  
  41  3:45  Pylon  
  41  3:46  Probe  
  42  3:50  Probe  
  43  3:58  Stalker, Probe  
  43  4:00  Assimilator, Probe  
  46  4:03  Assimilator  
  46  4:06  Probe  
  46  4:08  Probe  
  47  4:15  Probe  
  49  4:18  Probe  
  49  4:20  Pylon  
  51  4:27  Probe  
  53  4:32  Robotics Facility  
  53  4:39  Dark Templar x2  
  53  4:44  Nexus  
  56  4:48  Dark Templar  
  58  4:56  Probe x2  
  58  5:14  Shadow Stride  
  58  5:16  Dark Templar x2  
  58  5:17  Charge  
  59  5:23  Warp Prism  
  58  5:29  Pylon  
  58  5:35  Gateway  
  60  5:38  Gateway  
  60  5:39  Dark Templar  
  60  5:41  Gateway  
  62  5:49  Dark Templar, Forge  
  64  5:50  Zealot  
  64  5:52  Pylon  
  66  6:06  Warp Prism  
  65  6:15  Dark Templar x2  
  71  6:20  Nexus, Protoss Ground Armor Level 1  
  71  6:23  Pylon  
  71  6:27  Gateway  
  71  6:31  Gateway  
  71  6:35  Probe x2  
  73  6:45  Dark Templar x2  
  78  6:47  Probe x2  
  79  6:59  Probe x2  
  81  7:11  Probe x2  
  81  7:12  Dark Templar x2  
  81  7:13  Zealot x2  
  91  7:16  Pylon  
  91  7:19  Pylon  
  91  7:23  Zealot  
  91  7:25  Pylon  
  91  7:26  Shield Battery  
  91  7:28  Pylon  
  93  7:34  Forge  
  93  7:40  Zealot x3  
  93  7:42  Probe  
  93  7:43  Probe  
  101  7:49  Probe  
  92  7:55  Probe  
  89  7:59  Probe  
  89  8:00  Dark Templar x3  
  96  8:07  Probe  
  96  8:12  Probe  
  98  8:14  Zealot x5  
  98  8:19  Probe  
  109  8:20  Assimilator  
  109  8:23  Assimilator  
  101  8:36  Dark Templar x4  
  101  8:38  Zealot x2  
  101  8:41  Protoss Ground Armor Level 2, Warp Prism  
  113  8:50  Zealot x2  
  119  8:56  Pylon  
  109  9:20  Zealot, Dark Templar  
  109  9:21  Zealot x6  
  113  9:31  Robotics Bay  
  113  9:33  Protoss Ground Weapons Level 1  
  113  9:35  Robotics Facility  
  113  9:38  Pylon  
  113  9:46  Dark Templar x3  
  113  9:47  Dark Templar  
  113  9:50  Zealot x2  
  115  10:18  Colossus x2  
  115  10:19  Zealot x8  
  115  10:20  Extended Thermal Lance  
  135  10:42  Pylon  
  135  10:47  Pylon  
  135  10:48  Dark Templar x4  
  137  10:58  Pylon  
  137  11:02  Dark Templar  
  137  11:03  Colossus  
  139  11:05  Zealot x3  
  139  11:10  Archon x2  
  131  11:43  Zealot x4, Dark Templar x4  
  131  11:45  Nexus  
  147  12:08  Assimilator  
  147  12:11  Dark Templar, Assimilator  
  149  12:16  Archon x2  
  149  12:17  Dark Templar x2  
  149  12:18  Zealot x2  
  157  12:24  Pylon  
  157  12:30  Pylon  
  155  12:39  Zealot x5  
  166  12:45  Colossus x2  
  157  12:52  Zealot x3  
  171  13:12  Zealot x7, Protoss Ground Armor Level 3  
  173  13:14  Protoss Ground Weapons Level 2  
  173  13:22  Probe x4  
  167  13:30  Templar Archives  
  167  13:34  Probe x2  
  167  13:42  Probe x2  
  167  13:46  Probe  
  167  13:47  Colossus  
  142  13:59  Psionic Storm  
  142  14:02  Zealot x6  
  136  14:12  High Templar x2  
  136  14:13  Pylon  
  134  14:26  Stalker x5  
  128  14:31  Archon  
  128  14:33  Zealot  
  110  14:48  Stalker x4  
  110  14:49  Stalker x2  
  122  14:55  Zealot, Dark Templar  
  122  14:58  Disruptor  
  125  15:05  Dark Templar  
  125  15:06  Dark Templar  
  125  15:13  High Templar x4  
  129  15:15  Dark Templar  
  123  15:31  Nexus  
  123  15:32  Blink  
  123  15:43  Stalker  
  123  15:45  Zealot x2  
  123  15:46  Zealot x4  
  137  15:55  Photon Cannon  
  137  15:56  Photon Cannon  
  137  16:00  Photon Cannon  
  137  16:07  Pylon  
  137  16:26  Stalker x4  
  137  16:27  Stalker x4  
  146  16:50  Zealot x7  
  160  17:00  Dark Templar  
  114  17:21  Dark Templar x6  
  97  17:45  Nexus  
  89  17:58  Archon  
  81  18:13  Dark Templar  
  70  19:02  High Templar  
  72  19:13  Pylon  
  72  19:18  Pylon  
  72  19:43  Dark Templar x3  
  78  19:54  Disruptor  
  74  20:03  High Templar x2  
  77  20:29  Zealot x3  
  81  20:37  Zealot x2  
  85  20:58  Zealot x3  
  91  21:10  Zealot x2  
  95  21:22  High Templar  
Show
View Real Time Build Order
Export as new Build Order

Jason Terran - Winner!

Build Orders: Gas First Reaper Expand 

Get SALT Encoding   

  12  0:01  SCV  
  13  0:13  SCV  
  14  0:18  Supply Depot  
  14  0:25  SCV  
  15  0:33  Refinery  
  15  0:40  SCV  
  16  0:46  Barracks  
  16  0:52  SCV  
  17  1:04  SCV  
  18  1:16  SCV  
  19  1:33  Reaper  
  19  1:34  Orbital Command  
  20  1:48  Command Center  
  20  1:59  Factory  
  20  2:02  SCV  
  21  2:11  Barracks Reactor  
  21  2:14  Supply Depot  
  21  2:17  SCV  
  21  2:22  Refinery  
  22  2:29  SCV  
  23  2:41  SCV  
  24  2:49  Starport  
  24  2:53  Hellion x2  
  24  2:54  Barracks Tech Lab  
  24  2:55  SCV  
  29  3:09  Orbital Command  
  29  3:10  SCV  
  30  3:23  SCV  
  30  3:25  Marine  
  32  3:28  Viking  
  32  3:30  Cyclone, Marine  
  38  3:35  SCV x2  
  40  3:42  Supply Depot  
  40  3:46  Marine  
  40  3:47  SCV x2  
  43  3:49  Marine  
  44  4:00  Starport Tech Lab  
  44  4:02  SCV x2  
  46  4:04  Siege Tank  
  46  4:06  Supply Depot  
  49  4:15  SCV  
  49  4:16  SCV, Marine x2  
  49  4:24  Bunker  
  49  4:27  SCV  
  49  4:28  SCV  
  49  4:31  Raven  
  53  4:36  Command Center  
  53  4:39  SCV  
  53  4:44  SCV  
  55  4:52  SCV  
  56  4:54  Marine x2  
  56  4:56  SCV  
  56  4:59  Engineering Bay  
  59  5:04  SCV  
  57  5:08  SCV  
  57  5:16  SCV  
  58  5:22  SCV  
  58  5:24  Refinery, Barracks  
  58  5:27  Terran Infantry Weapons Level 1  
  59  5:29  Starport Reactor  
  59  5:30  Marine, Barracks  
  59  5:31  SCV, Stimpack  
  61  5:38  SCV  
  62  5:43  Supply Depot  
  62  5:44  Refinery  
  62  5:48  SCV, Siege Tank  
  66  5:50  Orbital Command  
  66  5:55  SCV  
  67  6:00  SCV  
  68  6:07  SCV, Bunker  
  68  6:10  Barracks x2  
  68  6:12  SCV  
  68  6:15  Marauder  
  68  6:16  SCV  
  72  6:19  SCV  
  72  6:21  Missile Turret  
  72  6:24  SCV  
  74  6:25  Marine  
  74  6:26  Marine  
  74  6:30  Supply Depot  
  76  6:33  Supply Depot  
  76  6:34  Marauder, Factory Reactor  
  76  6:35  SCV x2  
  80  6:42  Marine  
  80  6:43  Marine  
  80  6:45  SCV  
  83  6:47  SCV, Supply Depot  
  83  6:48  Marine  
  83  6:51  Medivac x2  
  89  6:54  Supply Depot  
  89  7:03  SCV  
  89  7:04  SCV  
  89  7:05  Orbital Command  
  89  7:06  Barracks Tech Lab, Marine x2  
  89  7:07  Barracks Tech Lab  
  93  7:10  Marine  
  93  7:15  SCV  
  97  7:16  Marauder, SCV  
  97  7:21  Widow Mine x2  
  97  7:22  Supply Depot x2  
  102  7:23  Terran Infantry Armor Level 1  
  102  7:24  Concussive Shells, Combat Shield, Marine  
  102  7:27  SCV  
  104  7:30  Missile Turret  
  104  7:32  SCV x2  
  104  7:33  Bunker  
  106  7:38  Marauder x2  
  106  7:40  Marauder  
  106  7:41  Marauder  
  106  7:42  Widow Mine  
  106  7:43  SCV  
  117  7:44  SCV  
  117  7:45  Marine  
  106  7:58  SCV, Widow Mine  
  106  8:00  Marauder, SCV  
  106  8:01  SCV  
  106  8:04  Missile Turret  
  106  8:05  Missile Turret  
  111  8:07  Marine  
  111  8:08  Marauder  
  111  8:10  SCV  
  111  8:12  Missile Turret  
  114  8:13  SCV  
  114  8:15  Missile Turret  
  114  8:17  Marine  
  114  8:18  Marauder, Sensor Tower  
  114  8:19  Widow Mine  
  120  8:21  Medivac  
  120  8:22  SCV, Medivac  
  125  8:31  SCV  
  125  8:32  SCV  
  125  8:33  Refinery, Marine x4  
  125  8:34  Refinery  
  131  8:41  Widow Mine  
  133  8:45  Missile Turret  
  133  8:46  Missile Turret  
  133  8:53  Supply Depot  
  133  8:54  Supply Depot  
  133  8:55  Marine  
  133  9:03  Widow Mine  
  133  9:04  Widow Mine  
  133  9:09  Marauder, Marine x2  
  115  9:18  SCV x2  
  115  9:20  Marine x2  
  115  9:21  Marauder  
  121  9:26  Marine  
  121  9:27  Marine  
  121  9:30  SCV x2  
  121  9:31  Marauder  
  127  9:32  Starport  
  127  9:34  Engineering Bay  
  127  9:35  Armory  
  127  9:38  Marine x2  
  127  9:42  SCV, Marine  
  127  9:45  Marauder  
  133  9:46  Marine  
  133  9:51  Bunker x2, Liberator, Marine  
  135  9:53  SCV  
  135  9:54  SCV  
  135  9:56  Marauder, Marine  
  140  10:00  Marauder  
  140  10:05  SCV  
  140  10:13  Missile Turret  
  141  10:19  SCV  
  142  10:24  SCV  
  142  10:28  Marine x2  
  143  10:29  Marauder  
  143  10:31  SCV  
  143  10:35  Widow Mine  
  149  10:45  Supply Depot  
  149  10:47  Marauder, Widow Mine, Marine x4  
  157  10:51  Starport Tech Lab, Supply Depot x2  
  157  10:52  Marauder, Supply Depot  
  151  10:59  Widow Mine  
  153  11:04  Marine x3  
  153  11:05  Marine  
  153  11:08  Marine  
  144  11:13  Marauder, Medivac  
  144  11:14  Medivac  
  144  11:15  Medivac  
  147  11:22  Marine x2  
  147  11:23  Marauder x2  
  148  11:26  Marine  
  140  11:34  SCV x3, Marauder  
  140  11:39  Widow Mine  
  145  11:40  Marine  
  145  11:41  Marine  
  145  11:42  Widow Mine  
  145  11:43  Medivac  
  145  11:44  Marauder, Marine  
  145  11:46  SCV x3  
  148  11:58  SCV x2  
  148  11:59  SCV  
  148  12:00  Widow Mine  
  153  12:08  Widow Mine  
  155  12:10  SCV, Missile Turret, Liberator  
  155  12:11  SCV x2, Marine x2  
  155  12:12  Marauder  
  162  12:15  Command Center, Refinery  
  162  12:17  Liberator  
  162  12:21  Liberator  
  162  12:22  Widow Mine  
  164  12:24  Marine x2  
  164  12:25  Marauder  
  164  12:26  Sensor Tower  
  164  12:29  Marine x2  
  169  12:39  Marine  
  169  12:42  Marine x2  
  175  12:49  Marauder, Marine x2  
  179  12:53  Liberator  
  179  12:54  Terran Infantry Weapons Level 2  
  179  12:57  Command Center  
  179  13:00  Liberator  
  179  13:02  Terran Infantry Armor Level 2  
  179  13:08  Liberator  
  179  13:10  Widow Mine  
  179  13:13  Marine  
  180  13:24  Missile Turret  
  181  13:28  Terran Ship Weapons Level 1  
  181  13:30  Fusion Core  
  181  13:32  Marauder, Marine x3  
  186  13:35  SCV x2, Sensor Tower  
  186  13:46  Liberator x2  
  177  13:51  Liberator  
  177  13:55  Orbital Command  
  146  14:02  Marine  
  146  14:03  Marauder, Marine  
  146  14:04  SCV x2  
  161  14:16  SCV  
  159  14:29  Liberator  
  149  14:37  Marauder, Marine x3  
  154  14:40  Marine  
  154  14:41  Marine  
  142  14:54  Marine  
  142  14:55  Marauder, Marine  
  142  14:58  Marine  
  142  14:59  Marauder x2  
  142  15:06  SCV  
  141  15:08  Planetary Fortress  
  141  15:10  SCV x2  
  141  15:12  Marine x2  
  144  15:16  Marine  
  144  15:17  Marauder  
  144  15:20  Marine x2  
  149  15:28  SCV, Ghost Academy  
  150  15:30  SCV x2, Marine x2  
  150  15:34  Marine  
  155  15:38  Sensor Tower  
  155  15:40  SCV  
  156  15:45  Sensor Tower  
  156  15:48  SCV  
  157  15:53  Widow Mine  
  157  15:56  Widow Mine  
  161  16:01  Marine x2  
  161  16:02  Marauder  
  161  16:03  Liberator x2, Marine  
  166  16:04  Marine x2  
  168  16:19  Marine x2, Widow Mine  
  168  16:21  Marauder  
  168  16:24  Refinery  
  180  16:39  Widow Mine, Marine x2  
  183  16:40  Marauder, Marine x2  
  183  16:43  Marauder  
  187  17:01  Marine x3  
  173  17:02  Marauder x2  
  173  17:03  Marine  
  165  17:19  Marine x2  
  165  17:20  Marauder  
  165  17:22  Marauder, Marine x2  
  149  17:29  Widow Mine x2  
  148  17:35  Refinery  
  148  17:36  SCV x2  
  148  17:37  Marine x2  
  150  17:40  Marine  
  150  17:41  Marauder x2  
  150  17:43  Marine  
  159  17:50  Widow Mine x2  
  158  17:54  Marine x2  
  159  17:59  Marauder  
  159  18:00  Marine  
  159  18:02  Marauder, Marine  
  154  18:11  Widow Mine  
  154  18:12  Marine, Widow Mine  
  157  18:13  SCV  
  157  18:14  Marine  
  157  18:18  Marine  
  157  18:19  Marine  
  154  18:27  Marine  
  154  18:33  Marine x2, Widow Mine x2  
  158  18:48  Marauder x2  
  162  18:49  Marine  
  162  18:50  Marauder  
  162  18:51  Viking  
  167  18:55  SCV  
  167  19:00  SCV  
  167  19:01  Supply Depot  
  167  19:02  Widow Mine  
  171  19:04  Bunker  
  171  19:07  Bunker  
  171  19:14  Marine  
  172  19:22  Marine  
  172  19:23  Widow Mine  
  172  19:24  Widow Mine  
  177  19:25  Marine x2  
  177  19:28  Supply Depot  
  177  19:29  Supply Depot  
  177  19:39  Marauder  
  177  19:44  Orbital Command  
  177  19:45  Marine, Widow Mine  
  173  19:47  Marine x3  
  173  19:48  Marauder  
  177  20:00  Marauder  
  179  20:07  Liberator x2  
  174  20:35  SCV  
  174  20:37  SCV  
  174  20:38  Marine x2  
  174  20:39  Marauder  
  179  20:45  Widow Mine  
  184  20:50  SCV x3  
  184  20:53  Marauder, Marine x2  
Tags
 
Add a new tag
Caveats
  • Supply blocks, unpowered buildings, or Contaminate may cause inaccurate times.
  • Supply counts are checked every 10 seconds.